 Dungeon Crawl Stone Soup version 0.14.0-24-gfb45beb (webtiles) character file.

241 tap556 the Sneak (level 5, -2/34 HPs)
             Began as a Halfling Assassin on Apr 22, 2014.
             Slain by an ice beast (11 damage)
             ... on Level 2 of the Dungeon.
             The game lasted 00:10:39 (2553 turns).

tap556 the Sneak (Halfling Assassin)                Turns: 2553, Time: 00:10:39

HP  -2/34        AC  5     Str  8      XL: 5   Next: 57%
MP   5/5         EV 13     Int 11      God:
Gold 92          SH  0     Dex 19      Spells:  0 memorised,  4 levels left

rFire  . . .     SeeInvis .     a - +3,+2 dagger
rCold  . . .     Clarity  .     p - +1 leather armour
rNeg   . . .     Conserve .     (no shield)
rPois  .         rCorr    .     (no helmet)
rElec  .         rRot     .     d - +0 cloak
SustAb . .       Spirit   .     (no gloves)
rMut   .         Warding  .     (no boots)
Saprov . . .     Stasis   .     (no amulet)
MR     .....                    (no ring)
                                (no ring)

@: lethally poisoned, not resistant to hostile enchantments, very stealthy
A: mutation resistance 1, slow metabolism 1
a: no special abilities


You were on level 2 of the Dungeon.
You were not hungry.

You visited 1 branch of the dungeon, and saw 3 of its levels.

You collected 92 gold pieces.

Inventory:

Hand weapons
 a - a +3,+2 dagger (weapon)
 b - a +0 blowgun
 m - a +0,+0 dagger
 n - a +0,+0 dagger
 s - a +0,+0 sling
Missiles
 e - a poisoned needle
 f - 2 curare-tipped needles
 j - 12 silver sling bullets
 k - 45 sling bullets
Armour
 c - a +0 robe
 d - a +0 cloak (worn)
 p - a +1 leather armour (worn)
Comestibles
 g - 2 bread rations
 h - a meat ration
 q - an apricot
Scrolls
 o - a scroll of teleportation
Potions
 i - 2 potions of heal wounds


   Skills:
 + Level 2.1 Fighting
 + Level 3.2 Short Blades
 + Level 0.8 Slings
 + Level 3.6 Throwing
 + Level 1.0 Armour
 + Level 2.6 Dodging
 + Level 7.0 Stealth


You had 4 spell levels left.
You didn't know any spells.

Dungeon Overview and Level Annotations

Branches:
Dungeon (3/15)

Altars:


Innate Abilities, Weirdness & Mutations

You are small and have problems with some larger weapons.
You are somewhat resistant to further mutation.
You have a slow metabolism.


Message History

Really attack while wielding your +0 blowgun? [Y]es or [N]o only, please.
Really attack while wielding your +0 blowgun? [Y]es or [N]o only, please.
Really attack while wielding your +0 blowgun?
Wield which item (- for none, * to show all)? (? for menu, Esc to quit)
a - a +3,+2 dagger (weapon)
You miss the adder. The adder bites you.
You are poisoned.
The adder poisons you!
You hit the adder.
The adder is heavily wounded.
You feel sick. The adder closely misses you. The ice beast hits you.
The ice beast freezes you!
You miss the adder.
The adder is heavily wounded.
The adder bites you but does no damage. The ice beast hits you.
* * * LOW HITPOINT WARNING * * *
The ice beast freezes you!
You die...

..<#+##.#....^##.....# #...
#.......#..##...###+## #...
........#.....#.###+#### #...
........#.....#........# #...
..........[...#........#
#####
..######....#.#........#
###.... ..#
####...............####....##
..#
#............I.######........
.##
#......###..@S.....##.#.#.###
## #......#
#######....#........ #......#
#######....'.####### #......#
#....##....### #....#.#
#.##.##....## ##....#.#
#...........# #....##.#
####.###....# #....##+###
#.#.+....# #.........#
#...#....##


You could see an ice beast and an adder.

Vanquished Creatures
  An orc priest (D:3)
  An orc wizard (D:3)
  4 adders (D:2)
  2 giant geckos
  An ooze (D:2)
  9 orcs (D:3)
  A ball python (D:2)
  A giant cockroach (D:1)
  6 goblins
  3 hobgoblins
  6 jackals (D:1)
  2 kobolds (D:2)
  2 quokkas (D:2)
  2 bats
  3 giant newts
  2 rats (D:2)
46 creatures vanquished.

Notes
Turn   | Place    | Note
--------------------------------------------------------------
     0 | D:1      | tap556, the Halfling Assassin, began the quest for the Orb.
     0 | D:1      | Reached XP level 1. HP: 14/14 MP: 1/1
   220 | D:1      | Reached XP level 2. HP: 19/19 MP: 2/2
   357 | D:1      | Reached skill level 6 in Stealth
   707 | D:2      | Reached XP level 3. HP: 22/24 MP: 3/3
  1223 | D:2      | Reached XP level 4. HP: 18/29 MP: 4/4
  2040 | D:3      | Reached XP level 5. HP: 19/34 MP: 5/5
  2047 | D:3      | Reached skill level 1 in Armour
  2047 | D:3      | Reached skill level 7 in Stealth
  2258 | D:3      | Paralysed by a potion of paralysis for 5 turns
  2467 | D:3      | Noticed an ice beast
  2553 | D:2      | Slain by an ice beast

Action                   |  1- 3 |  4- 6 || total
-------------------------+-------+-------++-------
Melee: Dagger            |    72 |    41 ||   113
 Fire: Blowgun           |    10 |    20 ||    30
       Sling             |       |     8 ||     8
  Use: Scroll            |     2 |     3 ||     5
       Potion            |       |     4 ||     4
 Stab: Sleeping          |    10 |     1 ||    11
